 Dungeon Crawl Stone Soup version 0.29.1-1-gd02db6906a (webtiles) character file.

Game seed: 3059716194709553094

212 MisterFreud the Twirler (level 6, -4/44 HPs)
             Began as a Formicid Gladiator on Oct 22, 2022.
             Splashed by a jelly's acid (5 damage)
             ... on level 6 of the Dungeon.
             The game lasted 00:04:08 (4255 turns).

MisterFreud the Twirler (Formicid Gladiator)        Turns: 4255, Time: 00:04:09

Health: -4/44      AC: -5    Str: 21    XL:     6   Next: 13%
Magic:  6/6        EV: 12    Int:  2    God:
Gold:   158        SH:  6    Dex: 17    Spells: 5/5 levels left

rFire   . . .      SeeInvis +   a - +0 quarterstaff
rCold   . . .      Faith    .   j - +1 buckler
rNeg    . . .      Spirit   .   b - +0 leather armour
rPois   +          Reflect  .   (helmet unavailable)
rElec   .          Harm     .   (no cloak)
rCorr   .          Rampage  .   (no gloves)
Will    +++..                   (no boots)
Stlth   +.........              p - amulet of the acrobat
HPRegen 0.14/turn               k - ring of Bien {+Blink rPois Will+++ Int-5 Dex+2}
MPRegen 0.10/turn               (no ring)

@: corroded
A: permanent stasis, dig shafts and tunnels, antennae 3, four strong arms
a: Dig, Shaft Self


You were on level 6 of the Dungeon.
You visited 1 branch of the dungeon, and saw 9 of its levels.

You collected 158 gold pieces.

Inventory:

Hand Weapons
 a - a +0 quarterstaff (weapon)
Missiles
 c - 3 throwing nets (quivered)
 d - a javelin
 i - 6 poisoned darts
Armour
 b - a +0 leather armour (worn)
 j - a +1 buckler (worn)
Jewellery
 k - the ring of Bien (left hand) {+Blink rPois Will+++ Int-5 Dex+2}
   (You found it on level 3 of the Dungeon)

   [ring of poison resistance]

   Int:       It affects your intelligence (-5).
   Dex:       It affects your dexterity (+2).
   rPois:     It protects you from poison.
   +Blink:    It lets you blink.
   Will:      It greatly increases your willpower.
 p - an amulet of the acrobat (around neck)
Scrolls
 e - 3 scrolls of identify
 h - a scroll of blinking {unknown}
 l - a scroll of poison
Potions
 f - 3 potions of brilliance
 g - a potion of lignification
 m - a potion of mutation
 n - a potion of attraction
 o - 3 potions of cancellation


   Skills:
 - Level 2.1 Fighting
 + Level 5.4 Staves
 - Level 2.0 Throwing
 - Level 2.6 Dodging
 - Level 4.0 Shields


You had 5 spell levels left.
You didn't know any spells.
Your spell library contained the following spells:

 Spells                   Type           Power      Damage    Failure   Level
 Dazzling Flash           Conj/Hex       0%         N/A       96%         3
 Agony                    Necr           0%         N/A       100%        5
 Silence                  Hex/Air        0%         N/A       100%        5


Dungeon Overview and Level Annotations

Branches:
Dungeon (9/15)
 Temple: D:4-7         Lair: D:8-11         Orc: D:9-12

Altars:
Xom


Innate Abilities, Weirdness & Mutations

You cannot be hasted, slowed, berserked, paralysed or teleported.
You can dig through walls and to a lower floor.
You have a pair of large antennae on your head. (SInv)
Your four strong arms can wield two-handed weapons with a shield.


Message History

You start resting.
HP restored.
There is a stone staircase leading up here.
You climb upwards.
The jelly closely misses you. The jelly hits you.
You are splashed with acid.
There is a stone staircase leading down here.
You thump the jelly! The acid corrodes you!
Your hands burn!
The jelly is heavily wounded.
The jelly hits you. The acid corrodes you!
You are splashed with acid!
You hit the jelly.
Your hands burn!
The jelly is heavily wounded.
You block the jelly's attack.
You hit the jelly but do no damage.
Your hands burn!
The jelly is heavily wounded.
The jelly hits you.
You are splashed with acid.
* * * LOW HITPOINT WARNING * * *
You hit the jelly but do no damage. The acid corrodes you!
Your hands burn!
* * * LOW HITPOINT WARNING * * *
The jelly is heavily wounded.
You block the jelly's attack.
Unknown command.
Okay, then.
Unknown command.
Okay, then.
Unknown command.
Unknown command.
Unknown command.
Unknown command.
Unknown command.
Unknown command.
Unknown command.
Unknown command.
Unknown command.
You hit the jelly.
Your hands burn!
* * * LOW HITPOINT WARNING * * *
The jelly is severely wounded.
You block the jelly's attack.
Unknown command.
You hit the jelly but do no damage.
Your hands burn!
You die...

######
##.....##
#.......#
#.....J#
#.....@#
#......#
#.....##
..(....
##.....
#.....
#......
#.....|
#......


You could see a jelly.

Vanquished Creatures
  A bullfrog (D:7)
  An iguana (D:7)
  3 gnolls (D:3)
  3 adders
  A dart slug (D:1)
  6 orcs
  5 ball pythons
  3 bats
  7 endoplasms
  A giant cockroach (D:1)
  6 goblins
  7 hobgoblins
  6 quokkas
  2 frilled lizards
  3 kobolds
  6 rats
61 creatures vanquished.

Vanquished Creatures (others)
  2 fungi (D:6)
2 creatures vanquished.

Grand Total: 63 creatures vanquished

Notes
Turn   | Place    | Note
-------+----------+-------------------------------------------
     0 | D:1      | MisterFreud the Formicid Gladiator began the quest for the
                  | Orb.
     0 | D:1      | Reached XP level 1. HP: 16/16 MP: 1/1
   214 | D:1      | Reached XP level 2. HP: 17/22 MP: 2/2
   659 | D:1      | Reached skill level 4 in Staves
   659 | D:1      | Reached XP level 3. HP: 11/27 MP: 3/3
  1096 | D:1      | Found a faded altar of an unknown god.
  1508 | D:2      | Reached skill level 1 in Shields
  1536 | D:2      | Found a shimmering altar of Xom.
  1626 | D:2      | Reached XP level 4. HP: 27/33 MP: 4/4
  2536 | D:3      | Identified the ring of Bien {+Blink rPois Will+++ Int-5
                  | Dex+2}
  2839 | D:3      | Reached XP level 5. HP: 21/38 MP: 5/5
  3335 | D:4      | Noticed a phantom
  3351 | D:4      | You fall into a shaft and drop 1 floor!
  3351 | D:5      | Entered Level 5 of the Dungeon
  3568 | D:5      | Noticed a water moccasin
  3575 | D:5      | You fall into a shaft and drop 3 floors!
  3963 | D:7      | Noticed a bullfrog
  3972 | D:7      | Killed a bullfrog
  3973 | D:7      | Reached skill level 5 in Staves
  4054 | D:7      | Reached XP level 6. HP: 33/44 MP: 6/6
  4254 | D:6      | HP: 1/44 [acid (3)]
  4255 | D:6      | Splashed by a jelly's acid

Illustrated notes

Levels and vault maps discovered:
D:1:      reono_arrival_forest_river, layout_loops_ring,
          shapermc_ecumenical_altar_hornbeckon, minmay_misc_feat_pillars,
          minmay_bisected
D:2:      layout_loops_corners, basic_altar
D:3:      layout_basic
D:4:      layout_rooms
D:5:      layout_gridville, minmay_temple_entry_from_below_b, uniq_edmund,
          uniq_pikel
D:6:      layout_gridville, mainiacjoe_overflow_cross_hatched, kennysheep_mini,
          uniq_grinder
D:7:      layout_cave_pools, general_overflow_altar,
          nicolae_ru_sacrificial_ziggurat, uniq_maggie
D:8:      layout_layer_cave, kennysheep_little_box,
          mainiacjoe_overflow_chevrons, nicolae_shop_vocational
D:9:      layout_gridville, worldfamousw_hep_ancestral_shrine,
          amethyst_overflow_temple_binary, gammafunk_ghost_wrathful_warriors

Skill      XL: |  1  2  3  4  5 |
---------------+----------------+-----
Staves         | 4 5 |  5.4
Shields        | 1 2 4 |  4.0
Fighting       | |  2.1
Throwing       | |  2.0
Dodging        | |  2.6

Action                   |  1- 3 |  4- 6 || total
-------------------------+-------+-------++-------
Melee: Quarterstaff      |    83 |   107 ||   190
 Abil: Shaft Self        |       |     2 ||     2
  Use: Scroll            |       |    11 ||    11
 Stab: Sleeping          |       |     1 ||     1
Armor: Leather armour    |    10 |     9 ||    19
Dodge: Dodged            |    51 |    38 ||    89
Block: Buckler           |     4 |    31 ||    35
